 Dungeon Crawl Stone Soup version 0.18-a0-1027-g814d7dd (webtiles) character file.

17837 Ijustatesigmund the Basher (level 12, 0/97 HPs)
             Began as a Demonspawn Abyssal Knight on Jan 7, 2016.
             Was a Priest of Lugonu.
             Slain by a hellwing (7 damage)
             ... summoned by Frances
             ... on level 12 of the Dungeon on Jan 8, 2016.
             The game lasted 00:57:18 (17094 turns).

Ijustatesigmund the Basher (DsAK)                  Turns: 17094, Time: 00:57:19

Health: 0/97       AC: 23    Str: 14    XL:     12   Next: 22%
Magic:  19/19      EV: 11    Int: 20    God:    Lugonu [***...]
Gold:   556        SH: 10    Dex: 18    Spells: 1 memorised, 13 levels left

rFire  . . .     SeeInvis .     f - +3 morningstar "Pitipp" {crush, Int+5}
rCold  . . .     Gourm    .     i - +1 ring mail
rNeg   . . .     Faith    .     J - +0 shield
rPois  .         Spirit   .     n - +1 helmet
rElec  .         Dismiss  .     y - +2 cloak
rCorr  .         Reflect  .     k - +1 pair of gloves
SustAt .         Harm     .     o - +2 pair of boots
MR     +....                    H - amulet of rage
Stlth  +.........               A - ring of protection from magic
                                b - +3 ring of dexterity

@: somewhat resistant to hostile enchantments, very unstealthy
A: talons 2, iridescent scales 2
a: Depart the Abyss, Bend Space, Banish, Renounce Religion, Evoke Berserk Rage


You were on level 12 of the Dungeon.
You worshipped Lugonu.
Lugonu was most pleased with you.
You were hungry.

You visited 2 branches of the dungeon, and saw 13 of its levels.
You visited the Abyss 2 times.

You collected 673 gold pieces.
You spent 117 gold pieces at shops.

Inventory:

Hand Weapons
 f - the +3 morningstar "Pitipp" (weapon) {crush, Int+5}
   (You found it on level 9 of the Dungeon)

   It inflicts extra damage upon your enemies.
   It affects your intelligence (+5).
 E - a +2 mace of protection
 F - a +3 flail
 G - a +2 morningstar
Armour
 i - a +1 ring mail (worn)
 k - a +1 pair of gloves (worn)
 n - a +1 helmet (worn)
 o - a +2 pair of boots (worn)
 y - a +2 cloak (worn)
 J - a +0 shield (worn)
 M - a +0 robe of magic resistance
Magical Staves
 g - a cursed staff of conjuration
Jewellery
 b - a +3 ring of dexterity (left hand)
 d - an uncursed amulet of the gourmand
 m - an uncursed ring of magical power
 w - an uncursed amulet of dismissal
 z - an uncursed ring of flight
 A - a ring of protection from magic (right hand)
 H - an amulet of rage (around neck)
Wands
 a - a wand of magic darts (17/48)
 p - a wand of digging (22/24)
 r - a wand of magic darts (18/48)
 B - a wand of slowing (37/48)
Scrolls
 l - a scroll of enchant weapon
 x - 3 scrolls of remove curse
 C - 3 scrolls of amnesia
 D - a scroll of fear
 L - 3 scrolls of recharging
Potions
 e - a potion of cure mutation
 h - 2 potions of ambrosia
 j - 3 potions of curing
 q - a potion of brilliance
 s - a potion of haste
 t - a potion of mutation
 K - a potion of cancellation
Comestibles
 c - 5 bread rations
 u - 4 meat rations
 I - a beef jerky


   Skills:
 + Level 10.1 Fighting
 - Level 11.0 Maces & Flails
 - Level 4.0 Armour
 - Level 4.1 Dodging
 - Level 7.1 Shields
 - Level 2.0 Spellcasting
 - Level 10.0 Invocations
 - Level 4.0 Evocations


You had 13 spell levels left.
You knew the following spells:

 Your Spells              Type           Power        Failure   Level  Hunger
a - Swiftness             Chrm/Air       #.......     95%         2    ##.....


Dungeon Overview and Level Annotations

Branches:
Dungeon (12/15)            Temple (0/1) D:5            Lair (1/8) D:9
    Orc (0/2) D:12

Altars:
Cheibriados
Dithmenos
Kikubaaqudgha
Nemelex Xobeh
Ru

Shops:
D:4 [   D:6 %

Portals:
Trove: D:11 (give 16 potions of curing)

Annotations:
D:12 Frances
Abyss:1 Fannar


Innate Abilities, Weirdness & Mutations

You have razor-sharp toenails.
You are mostly covered in iridescent scales (AC +6).


Message History

The hellwing hits you but does no damage.
You block the hellwing's attack.
You puncture Frances!
Frances is moderately wounded.
Frances sneers.
Frances hits you with a mace!! The hellwing barely misses you.
The hellwing hits you but does no damage.
You sock Frances!
Frances is heavily wounded.
Frances chants phrases taken from a devil's mouth.
Frances hits you but does no damage.
The hellwing hits you but does no damage.
You block the hellwing's attack.
You barely miss Frances.
Frances is heavily wounded.
Frances mutters in a terrible tongue.
The shard of ice hits you!
* * * LOW HITPOINT WARNING * * *
You block the hellwing's attack. The hellwing hits you!
You die...

#.. ..# ### #
..# ###.. #.
..# #....
#.###.# #....
#....3# #....
#.....# #####
#..3.@#
#...#@#
#...#4#
#...#)#
#...).#
#.....######
#.....#....#
#...#.#....#
#...#.#....#
#.....#....#..
#....


You could see Frances, 2 soul eaters and a hellwing.

Vanquished Creatures
  Josephine (D:12)
  A vault guard (D:11)
  An unseen horror (D:12)
  A hill giant (D:12)
  Pikel (D:9)
  2 ugly things (D:12)
  A deep elf mage (D:12)
  Psyche (D:11)
  A fire drake (D:9)
  A kobold demonologist (D:11)
  A merfolk (D:11)
  A troll (D:11)
  A trapdoor spider (D:11)
  21 yaks
  6 wraiths
  A wyvern (D:11)
  2 vampires
  A basilisk (D:12)
  2 hippogriffs (D:7)
  4 hungry ghosts
  3 orc warriors
  A phantom (D:12)
  3 sky beasts
  4 black bears
  The ghost of PeterLawrence the Fighter, an amateur GrFi (D:3)
  An ice beast (D:10)
  7 ogres
  9 centaurs
  2 big kobolds
  5 giant frogs
  2 gnoll sergeants
  A water moccasin zombie (D:6)
  2 troll zombies (D:12)
  4 wights (D:7)
  5 killer bees (D:11)
  4 crimson imps
  6 jellies
  3 hounds
  9 orc priests
  A giant frog skeleton (D:4)
  12 orc wizards
  2 centaur skeletons
  7 iguanas
  6 worker ants
  A killer bee zombie (D:7)
  4 ogre zombies (D:12)
  A hound zombie (D:10)
  A hound skeleton (D:5)
  3 worker ant zombies
  12 gnolls
  14 adders
  4 shadow imps
  2 adder skeletons
  3 adder zombies
  A worm (D:6)
  6 giant geckos
  38 orcs
  6 bats
  7 giant cockroaches
  3 goblins
  6 hobgoblins
  10 jackals
  15 kobolds
  A quokka (D:12)
  A ball python (D:3)
  A giant cockroach zombie (D:5)
  A giant gecko skeleton (D:7)
  7 giant newts
  A hobgoblin skeleton (D:12)
  3 hobgoblin zombies (D:12)
  2 jackal zombies
  4 orc skeletons (D:12)
  16 orc zombies (D:12)
  A quokka skeleton (D:5)
  9 rats
335 creatures vanquished.

Vanquished Creatures (others)
  An ugly thing (D:10)
  A troll (D:11)
  A two-headed ogre (D:10)
  A hungry ghost (D:8)
  An ice beast (D:9)
  4 slaves (D:9)
  3 centaurs (D:11)
  A wight (D:7)
  An orc priest (D:10)
  An orc wizard (D:9)
  2 orcs (D:9)
  A plant (D:5)
18 creatures vanquished.

Grand Total: 353 creatures vanquished

Notes
Turn   | Place    | Note
--------------------------------------------------------------
     0 | Abyss:1  | Ijustatesigmund the Demonspawn Abyssal Knight began the quest for the Orb.
     0 | Abyss:1  | Reached XP level 1. HP: 18/18 MP: 2/2
    17 | D:1      | Escaped the Abyss
   221 | D:1      | Gained mutation: You are partially covered in iridescent scales (AC +4). [demonic ancestry]
   221 | D:1      | Reached XP level 2. HP: 20/24 MP: 3/3
   485 | D:1      | Reached ** piety under Lugonu
   995 | D:2      | Found a sacrificial altar of Ru.
  1122 | D:2      | Gained mutation: You have sharp toenails. [demonic ancestry]
  1122 | D:2      | Reached XP level 3. HP: 25/29 MP: 5/5
  1682 | D:3      | Reached XP level 4. HP: 14/35 MP: 6/6
  1857 | D:3      | Noticed PeterLawrence's ghost (amateur GrFi)
  2021 | D:4      | Found a sparkling altar of Nemelex Xobeh.
  2211 | D:4      | Found Rebbox's Antique Armour Boutique.
  2219 | D:4      | Bought a runed cloak for 117 gold pieces
  2548 | D:4      | Reached skill level 4 in Invocations
  2548 | D:4      | Reached XP level 5. HP: 31/42 MP: 8/8
  2554 | D:5      | Entered Level 5 of the Dungeon
  2610 | D:5      | Noticed a centaur
  2632 | D:5      | Killed a centaur
  2635 | D:5      | Reached *** piety under Lugonu
  2640 | D:5      | Reached XP level 6. HP: 11/48 MP: 9/9
  3501 | D:5      | Reached skill level 5 in Maces & Flails
  3501 | D:5      | Reached skill level 5 in Invocations
  3595 | D:5      | Gained mutation: You are mostly covered in iridescent scales (AC +6). [demonic ancestry]
  3595 | D:5      | Reached XP level 7. HP: 44/55 MP: 10/10
  3902 | D:5      | Found a staircase to the Ecumenical Temple.
  4758 | D:5      | Reached skill level 5 in Fighting
  5366 | D:3      | Killed PeterLawrence's ghost
  5366 | D:3      | Reached skill level 6 in Maces & Flails
  5522 | D:6      | Reached XP level 8. HP: 28/63 MP: 12/12
  5791 | D:6      | Reached skill level 1 in Dodging
  5921 | D:6      | Reached **** piety under Lugonu
  6124 | D:6      | Found a shadowy altar of Dithmenos.
  6489 | D:6      | Found Diawn's Food Shoppe.
  7049 | D:7      | Found an ancient bone altar of Kikubaaqudgha.
  7049 | D:7      | Found a shadowy altar of Dithmenos.
  7050 | D:7      | Found a snail-covered altar of Cheibriados.
  7075 | D:7      | Reached skill level 7 in Maces & Flails
  7094 | D:7      | Learned a level 2 spell: Swiftness
  7953 | D:7      | Reached skill level 1 in Spellcasting
  8107 | D:7      | Gained mutation: You have razor-sharp toenails. [demonic ancestry]
  8107 | D:7      | Reached XP level 9. HP: 39/69 MP: 14/14
  8572 | D:7      | Upgraded the game from 0.18-a0-1024-gf1736fb to 0.18-a0-1027-g814d7dd
  9663 | D:9      | Found a staircase to the Lair.
  9664 | D:9      | Noticed a fire drake
  9683 | D:9      | Killed a fire drake
  9683 | D:9      | Reached skill level 8 in Maces & Flails
  9889 | Lair:1   | Entered Level 1 of the Lair of Beasts
 10016 | D:9      | Noticed Pikel
 10033 | D:9      | Killed Pikel
 10223 | D:9      | Got a dazzling morningstar
 10224 | D:9      | Identified the +3 morningstar "Pitipp" {crush, Int+5} (You found it on level 9 of the Dungeon)
 10504 | D:9      | Reached skill level 9 in Maces & Flails
 10625 | D:9      | HP: 2/108 [something/vampiric draining (13)]
 10627 | D:9      | Reached XP level 10. HP: 3/79 MP: 15/15
 11206 | D:10     | Entered Level 10 of the Dungeon
 11489 | D:10     | Reached skill level 10 in Maces & Flails
 12683 | D:11     | Reached skill level 1 in Evocations
 12749 | D:11     | Noticed a white ugly thing
 12750 | D:11     | Noticed Psyche
 12762 | D:11     | Killed Psyche
 12768 | D:10     | Banished a white ugly thing
 13281 | D:11     | Noticed Fannar
 13294 | D:11     | Banished Fannar
 13294 | D:11     | Reached XP level 11. HP: 29/87 MP: 12/17
 13606 | D:11     | Noticed a vault guard
 13623 | D:11     | Killed a vault guard
 14997 | D:11     | Reached skill level 11 in Maces & Flails
 15053 | D:11     | Reached skill level 10 in Invocations
 15148 | D:11     | Found a portal to a secret trove of treasure.
 15254 | D:11     | Reached skill level 1 in Shields
 15570 | D:12     | Found a staircase to the Orcish Mines.
 16131 | D:12     | Reached ***** piety under Lugonu
 16185 | D:12     | Killed an unseen horror
 16185 | D:12     | Reached skill level 5 in Shields
 16357 | D:12     | Noticed a purple ugly thing
 16371 | D:12     | Killed a purple ugly thing
 16406 | D:12     | Noticed a hill giant
 16418 | D:12     | Killed a hill giant
 16497 | D:12     | Noticed a deep elf mage
 16498 | D:12     | Noticed Josephine
 16510 | D:12     | Killed Josephine
 16510 | D:12     | Reached XP level 12. HP: 68/96 MP: 19/19
 16569 | D:12     | Escaped the Abyss
 16882 | D:12     | Reached skill level 10 in Fighting
 17080 | D:12     | Noticed Frances
 17094 | D:12     | Slain by a hellwing

Vault maps used:
D:1:      minmay_arrival_four_loops
D:2:      lemuel_crystal_altar, st_stairs_12
D:4:      nemelex_deck, serial_shops, nicolae_shop_trees
D:5:      minmay_temple_entry_butterflies, serial_bayou, serial_bayou_pond_c,
          serial_bayou_pond_c, serial_bayou_pond_c, first_bread,
          minmay_bad_closet
D:6:      serial_shops, kennysheep_mini_moat, basic_altar, st_stairs_8,
          minmay_misc_feat_five, corner_web_ring
D:7:      gammafunk_temple_overflow_forgotten
D:9:      minmay_lair_entry_lava, uniq_pikel
D:11:     enter_trove_5, hangedman_fish_farm, kennysheep_generic_room_14,
          uniq_psyche, uniq_fannar
D:12:     zombieorc2_lemuel, kennysheep_generic_room_12, uniq_frances,
          uniq_josephine
Lair:1:   nicolae_volcano_entry_batcave
Abyss:1:  hangedman_abyss_monster_moat, hangedman_decor_lopped
Abyss:2:  hangedman_stitches_earthworm

Action                   |  1- 3 |  4- 6 |  7- 9 | 10-12 || total
-------------------------+-------+-------+-------+-------++-------
Melee: Mace              |   101 |   142 |   559 |       ||   802
       Morningstar       |       |       |    69 |   705 ||   774
Invok: Bend Space        |       |     1 |       |       ||     1
       Banish            |       |       |     6 |     8 ||    14
       Depart the Abyss  |       |       |       |     1 ||     1
       Enter the Abyss   |       |       |       |     1 ||     1
 Abil: Evoke Berserk Rag |       |       |     1 |     5 ||     6
Evoke: Wand              |       |       |     4 |     1 ||     5
  Use: Scroll            |     5 |     3 |    19 |     6 ||    33
       Potion            |     1 |     2 |     7 |     3 ||    13
 Stab: Invisible         |       |       |       |     1 ||     1
       Distracted        |       |       |       |     1 ||     1
  Eat: Chunk             |     2 |    11 |    20 |    19 ||    52
       Pizza             |       |     1 |       |       ||     1
       Bread ration      |       |       |     4 |     1 ||     5
       Meat ration       |       |       |     1 |     1 ||     2
       Fruit             |       |       |       |     8 ||     8
       Beef jerky        |       |       |       |     1 ||     1
